 Seeded DCSS version 0.31-a0-544-gceb718ecc6 (webtiles) character file.

Game seed: 3826825538972431165 (custom seed)

229 innerfire43 the Trooper (level 5, -6/39 (42) HPs)
             Began as a Demonspawn Monk on Aug 15, 2023.
             Shot with an arrow by a centaur (18 damage)
             ... while paralysed by Grinder
             ... on level 4 of the Dungeon.
             The game lasted 00:03:06 (2475 turns).

innerfire43 the Trooper (Demonspawn Monk)           Turns: 2475, Time: 00:03:06

HP:   -6/39 (42)    AC: 19    Str: 13    XL:     5   Next: 71%
MP:   5/5           EV:  2    Int: 11    God:
Gold: 261           SH:  0    Dex: 19    Spells: 4/4 levels left

rFire   . . .        a - +0 spear
rCold   . . .        d - orb {light}
rNeg    . . .        e - +3 plate armour "Gifoth" {Harm Dex+3}
rPois   .            (no helmet)
rElec   .            (no cloak)
rCorr   .            (no gloves)
SInv    .            (no boots)
Will    .....        (no amulet) Stlth
                     (no ring)
HPRegen 0.26/turn    (no ring)
MPRegen 0.09/turn

%: harm (+30% outgoing, +20% incoming)
@: paralysed, glowing, drained
A: molten scales 1, icemail 1, condensation shield
a: no special abilities


You were on level 4 of the Dungeon.
You visited 1 branch of the dungeon, and saw 4 of its levels.

You collected 261 gold pieces.

Inventory:

Hand Weapons
 a - a +0 spear (weapon)
Armour
 b - a +0 robe
 d - an orb of light (worn)
 e - the +3 plate armour "Gifoth" (worn) {Harm Dex+3}
   (You acquired it on level 2 of the Dungeon)

   Dex+3:     It affects your dexterity (+3).
   Harm:      It increases damage dealt and taken.
Jewellery
 q - a ring of protection from cold
 t - a ring of see invisible
Scrolls
 f - 2 scrolls of vulnerability {unknown}
 g - a scroll of amnesia {unknown}
 h - a scroll of brand weapon {unknown}
 j - 2 scrolls of identify {unknown}
 k - 4 scrolls of noise {unknown}
 o - a scroll of torment {unknown}
 r - 2 scrolls of enchant armour {unknown}
Potions
 c - a potion of ambrosia
 i - 2 potions of mutation {unknown}
 l - a potion of enlightenment {unknown}
 m - 2 potions of curing {unknown}
 n - a potion of cancellation {unknown}
 p - a potion of brilliance {unknown}
 s - a potion of invisibility {unknown}


   Skills:
 + Level 4.2 Fighting
 + Level 3.8 Polearms
 * Level 1.6 Armour
 + Level 3.8 Dodging


You had 4 spell levels left.
You didn't know any spells.
Your spell library was empty.

Dungeon Overview and Level Annotations

Branches:
Dungeon (4/15)
 Temple: D:4-7

Altars:

Annotations:
D:4 Grinder


Innate Abilities, Weirdness & Mutations

You are partially covered in molten scales. (AC +2)
A meltable icy envelope protects you from harm. (AC +4)
A meltable shield of frost defends you. (SH +4)


Message History

You hit the goblin.
You kill the goblin!
The centaur hits you but does no damage.
The centaur kicks you.
Grinder blinks!
The centaur hits you but does no damage.
The centaur kicks you but does no damage.
The centaur wields a +0 orcbow.
The centaur shoots an arrow.
The arrow hits you but does no damage.
Unknown command.
The centaur attacks as you move away!
The centaur unwields a +0 orcbow.
The centaur hits you but does no damage.
The centaur kicks you but does no damage.
The centaur wields a +0 orcbow.
The centaur shoots an arrow.
The arrow hits you!
There is a stone staircase leading up, spattered with blood here.
The centaur shoots an arrow.
You block the arrow.
Grinder blinks!
You climb upwards.
There is a stone staircase leading down here.
HP restored.
Done exploring.
No target in view!
You climb downwards.
You hear the hiss of flowing sand.
There is an entrance to an ossuary on this level.
Hurry and find it before the portal is buried!
Level annotation: Grinder You hear the hiss of an avalanche of sand very nearby.
The centaur shoots an arrow.
The arrow hits you but does no damage.
The centaur shoots an arrow.
You block the arrow.
There is a stone staircase leading up, spattered with blood here.
Grinder gestures at you. Pain shoots through your body!
The centaur shoots an arrow.
The arrow hits you.
The centaur shoots an arrow.
The arrow hits you!
The centaur shoots an arrow.
The arrow hits you.
The centaur shoots an arrow.
The arrow hits you!
There is a stone staircase leading up, spattered with blood here.
Grinder says, "What is the universe for?"
Grinder gestures at you.
You suddenly lose the ability to move!
You stop ascending the stairs.
The centaur shoots an arrow.
The arrow hits you!
You die...

.#####+#####...
...............
...........#
#.........#
#...)....[#
#..c......#
#...5.....#
#.........#
#...@[....#
#.........#
###########


You could see Grinder and a centaur.

Vanquished Creatures
  An orc priest (D:3)
  Jessica (D:2)
  Robin (D:2)
  4 adders
  4 gnolls (D:3)
  A worm (D:3)
  A dart slug (D:1)
  5 orcs (D:3)
  4 bats
  8 endoplasms
  3 giant cockroaches (D:1)
  13 goblins
  7 hobgoblins
  2 jackals (D:2)
  4 kobolds
  2 quokkas
  4 ball pythons
  4 frilled lizards
  6 rats
75 creatures vanquished.

Notes
Turn   | Place    | Note
-------+----------+-------------------------------------------
     0 | D:1      | innerfire43 the Demonspawn Monk began the quest for the
                  | Orb.
     0 | D:1      | Reached XP level 1. HP: 18/18 MP: 1/1
   140 | D:1      | Gained mutation: A meltable shield of frost defends you.
                  | (SH +4) [demonic ancestry]
   140 | D:1      | Reached XP level 2. HP: 10/24 MP: 2/2
   729 | D:2      | Noticed Jessica
   738 | D:2      | Killed Jessica
   739 | D:2      | Gained mutation: You are partially covered in molten
                  | scales. (AC +2) [demonic ancestry]
   739 | D:2      | Reached XP level 3. HP: 17/30 MP: 3/3
   739 | D:2      | Identified a scroll of acquirement
   739 | D:2      | Acquired the +3 plate armour "Gifoth" {Harm Dex+3}
  1038 | D:2      | Reached XP level 4. HP: 37/37 MP: 4/4
  1163 | D:2      | Noticed Robin
  1180 | D:2      | Killed Robin
  1185 | D:2      | Reached skill level 4 in Fighting
  1604 | D:3      | Gained mutation: A meltable icy envelope protects you from
                  | harm. (AC +4) [demonic ancestry]
  1604 | D:3      | Reached XP level 5. HP: 36/42 MP: 5/5
  1616 | D:3      | Reached skill level 1 in Armour
  2236 | D:4      | Noticed Grinder
  2239 | D:4      | Noticed a centaur
  2388 | D:4      | Paralysed by Grinder for 2 turns
  2475 | D:4      | Paralysed by Grinder for 2 turns
  2475 | D:4      | Shot with an arrow by a centaur

Illustrated notes

Levels and vault maps discovered:
D:1:      roderic_crop_circles_arrival_large, layout_basic
D:2:      layout_basic, minmay_distorted, uniq_robin, uniq_jessica
D:3:      layout_basic, minivault_24, minmay_box_of_dots
D:4:      layout_rooms, nicolae_qazlal_eye_of_the_storm,
          mainiacjoe_overflow_chevrons, minmay_temple_entry_statues_fountains,
          gup_ossuary_entry_pyramid, nicolae_elevator_lobby_asterisk,
          uniq_grinder, uniq_eustachio, uniq_pikel, uniq_duvessa

Skill      XL: |  1  2  3  4  5 |
---------------+----------------+-----
Dodging        | 3 |  3.8
Polearms       | 3 |  3.8
Fighting       | 4 |  4.2
Armour         | 1 |  1.6

Action                     |  1- 3 |  4- 6 || total
---------------------------+-------+-------++-------
  Melee: Spear             |    98 |   183 ||   281
    Use: Scroll            |     1 |       ||     1
 Armour: Robe              |     6 |       ||     6
         Plate armour      |    10 |   143 ||   153
  Dodge: Dodged            |    36 |    40 ||    76
  Block: Orb               |     5 |    31 ||    36

Table legend: (Time is in decaauts)
 A = Elapsed time spent in this place.
 B = Non-inter-level travel time spent in this place.
 C = Inter-level travel time spent in this place.
 D = Time resting spent in this place.
 E = Time spent auto-exploring this place.
 F = Levels seen in this place.
 G = Mean time per level.
                   A        B        C        D        E       F      G
               +--------+--------+--------+--------+--------+-----+--------+
         Total |   2462 |   2418 |     44 |      0 |   1939 |   4 |  615.5 |
       Dungeon |   2462 |   2418 |     44 |      0 |   1939 |   4 |  615.5 |
               +--------+--------+--------+--------+--------+-----+--------+

Top non-repeatable levels by time:
     D:3: 972 daAuts
     D:2: 732 daAuts
     D:1: 726 daAuts
     D:4: 30 daAuts
